AoeStats
← emmasancp

Scandinavia

510451589Analyzed
1v1 RM · 23h ago on Oct 1, 2026· 37m 24s· 2 players
Game mode
Random Map
Map size
Tiny (2 player)
Population
200
Speed
Normal
Resources
Standard
Victory
Conquest
Starting age
Dark Age
Ending age
Imperial Age
RankedLock teamsTeams togetherTeam positionsShared explorationLock speedFull tech treeHidden civsTurbo modeCheats
Victory
Defeat
🇲🇽 Maya · Mexico
765
+17
🇵🇪 Franks · Peru
796
-17
emmasancp
0:26 Loom
13:54 Feudal Age
15:11 Fishing Lines
19:01 Castle Age
18:51 Fletching
24:03 Double-Bit Axe
26:41 Gold Mining
26:44 Stone Mining
28:11 Bodkin Arrow
28:18 Padded Archer Armor
28:18 Bodkin Arrow
29:47 Leather Archer Armor
29:25 Horse Collar
30:29 Wheelbarrow
32:56 Murder Holes
33:22 Ballistics
35:41 Imperial Age
33:30 Hand Cart
36:15 Bow Saw
37:47 Hul'che Javelineers
38:52 Chemistry
Retired Big Boss
12:55 Feudal Age
14:08 Double-Bit Axe
22:11 Castle Age
22:35 Scale Barding Armor
23:52 Forging
24:29 Fishing Lines
25:42 Wheelbarrow
27:37 Bow Saw
27:35 Gold Mining
29:15 Husbandry
32:22 Chain Barding Armor
36:54 Imperial Age
Connection lost

Rejoining the realm…

Still unreachable

The connection could not be restored.

Session expired

The server has moved on; the page needs a fresh start.